 Dungeon Crawl Stone Soup version 0.29-a0-422-gafbd6decc1 (webtiles) character file.

Game seed: 11636512611089992951

7874 hquester the Fighter (level 11, -1/172 HPs)
             Began as a Troll Monk on May 18, 2022.
             Was a Believer of Okawaru.
             Slain by a five-headed hydra (12 damage)
             ... on level 9 of the Dungeon.
             The game lasted 00:39:50 (8782 turns).

hquester the Fighter (Troll Monk)                   Turns: 8782, Time: 00:39:52

Health: -1/172     AC: 25    Str: 21    XL:     11   Next: 2%
Magic:  10/10      EV:  1    Int:  6    God:    Okawaru [**....]
Gold:   549        SH:  0    Dex: 16    Spells: 10/10 levels left

rFire   . . .      SeeInvis .   s - +0 dagger (venom)
rCold   . . .      Faith    .   (no shield)
rNeg    . . .      Spirit   .   (body armour currently unavailable)
rPois   +          Reflect  .   (helmet currently unavailable)
rElec   .          Harm     .   (cloak currently unavailable)
rCorr   .          Rampage  .   (gloves unavailable)
Will    .....      NoTele   +   (boots unavailable)
Stlth   +.........              e - amulet of the acrobat
HPRegen 1.18/turn               d - +4 ring of evasion
MPRegen 0.12/turn               c - +4 ring of evasion

@: confused, tree-form, ambrosia-drunk
A: stationary, stasis, torment immunity, boosted hp, large, unfitting armour,
(claws 3), regeneration 1, (shaggy fur 1), (tough skin 1)
a: Renounce Religion, Heroism


You were on level 9 of the Dungeon.
You worshipped Okawaru.
Okawaru was pleased with you.
You were a tree.
You visited 2 branches of the dungeon, and saw 11 of its levels.
You also visited: Ossuary.

You collected 549 gold pieces.

Inventory:

Hand Weapons
 a - a +9 scimitar
 s - a +0 dagger of venom (weapon)
Armour
 y - a +3 troll leather armour (melded) {Snorg}
Jewellery
 c - a +4 ring of evasion (right branch)
 d - a +4 ring of evasion (left branch)
 e - an amulet of the acrobat (around neck)
 g - a ring of flight
 h - a ring of poison resistance
 v - a ring of protection from fire
Wands
 i - a wand of acid (10)
 w - a wand of paralysis (12)
Scrolls
 n - 6 scrolls of fog
 o - 3 scrolls of amnesia
 p - a scroll of fear
 q - a scroll of teleportation
 x - 3 scrolls of identify
Potions
 f - 4 potions of flight
 j - 2 potions of attraction
 k - a potion of berserk rage
 m - a potion of might
 r - a potion of invisibility
 t - 8 potions of curing
 u - 2 potions of mutation


   Skills:
 + Level 9.0 Fighting
 * Level 3.9 Long Blades
 + Level 6.2 Armour
 + Level 6.8 Dodging
 - Level 1.1 Stealth
 - Level 7.5 Unarmed Combat


You had 10 spell levels left.
You didn't know any spells.
Your spell library contained the following spells:

 Spells                   Type           Power      Damage    Failure   Level
 Dispersal                Tloc           0%         N/A       100%        6
 Disjunction              Tloc           0%         N/A       100%        8


Dungeon Overview and Level Annotations

Branches:
Dungeon (10/15)            Temple (1/1) D:5            Lair (0/6) D:10
Ossuary (visited)
    Orc: D:9-12

Altars:
Ashenzari
Cheibriados
Dithmenos
Elyvilon
Fedhas
Gozag
Hepliaklqana
Kikubaaqudgha
Makhleb
Nemelex Xobeh
Okawaru
Qazlal
Ru
Sif Muna
Trog
Uskayaw
Vehumet
Wu Jian
Xom
Yredelemnul
Zin
The Shining One

Shops:
D:10 *

Annotations:
D:10 2 transporters, croobank's ghost, journeyman GnDe


Innate Abilities, Weirdness & Mutations

You are a tree.
Your roots penetrate the ground, keeping you stationary.
You cannot be teleported.
You are immune to unholy pain and torment.
Your maximum health is greatly increased.
Your equipment is partially melded.
You are too large for most types of armour.
((You have claws for hands.))
Your natural rate of healing is unusually fast.
((You are covered in fur. (AC +1)))
((You have tough skin. (AC +1)))


Message History

The five-headed hydra is moderately wounded.
The five-headed hydra bites you but does no damage.
The five-headed hydra bites you.
* * * LOW HITPOINT WARNING * * *
The five-headed hydra bites you but does no damage.
The five-headed hydra bites you!
* * * LOW HITPOINT WARNING * * *
The five-headed hydra bites you!
* * * LOW HITPOINT WARNING * * *
You cannot teleport because you are held in place by your roots.
You cannot move.
You are confused.
You feel invigorated. The five-headed hydra bites you.
* * * LOW HITPOINT WARNING * * *
The five-headed hydra bites you.
* * * LOW HITPOINT WARNING * * *
The five-headed hydra bites you.
* * * LOW HITPOINT WARNING * * *
The five-headed hydra bites you but does no damage.
The five-headed hydra bites you.
* * * LOW HITPOINT WARNING * * *
Unknown command.
You cannot move. (Use ctrl+direction or * direction to attack while stationary and confused.)
You hit the five-headed hydra.
The five-headed hydra is moderately wounded.
The five-headed hydra bites you.
* * * LOW HITPOINT WARNING * * *
The five-headed hydra bites you but does no damage.
The five-headed hydra bites you.
* * * LOW HITPOINT WARNING * * *
The five-headed hydra bites you!
* * * LOW HITPOINT WARNING * * *
The five-headed hydra bites you but does no damage.
You attack the rock wall.
The five-headed hydra bites you but does no damage.
The five-headed hydra bites you.
* * * LOW HITPOINT WARNING * * *
The five-headed hydra bites you but does no damage.
The five-headed hydra bites you!
You die...

#...#......# #..........
#...'......# #######..........
##########'######........#'##....
#......#.................#..+....
#......#.................#..#....
#......'....#............#..#....
#......######............####....
######...........##+###..........
#..........♣#....'..........
#.........D.#....#..........
######...........###+##..........
#.....................###########
#.....................#......#...
#.....................#......#...
#.....................#.....##...
#.....#####...........#.....##...
####### #####'#.....#.....##...


You could see a five-headed hydra (very poisoned).

Vanquished Creatures
  Snorg (D:10)
  2 trolls (D:10)
  A shadow (D:7)
  3 wyverns
  11 yaks
  A steam dragon (D:7)
  2 water moccasins
  2 black bears
  7 orc warriors
  A sky beast (D:6)
  An ice beast (D:7)
  An ogre (D:5)
  3 centaurs
  2 phantoms
  A kobold brigand (D:10)
  3 bullfrogs
  3 gnoll sergeants
  A necrophage (D:4)
  5 scorpions
  7 wights
  5 killer bees (D:8)
  4 howler monkeys
  A gnoll shaman (D:9)
  A human zombie (Ossuary)
  2 jellies
  2 hounds
  8 orc priests
  11 orc wizards
  3 iguanas
  2 hound zombies (Ossuary)
  4 mummies (Ossuary)
  Robin (D:2)
  24 gnolls
  4 adders
  2 shadow imps
  2 white imps
  An ufetubus (D:5)
  2 adder zombies (Ossuary)
  2 worms
  5 dart slugs
  17 orcs
  5 ball pythons
  4 endoplasms
  5 giant cockroaches
  11 goblins
  9 hobgoblins
  3 jackals (D:4)
  7 quokkas
  5 bats
  2 frilled lizards
  A goblin zombie (Ossuary)
  A hobgoblin zombie (Ossuary)
  7 kobolds
  2 orc zombies (Ossuary)
  3 rats
  3 rat zombies (Ossuary)
229 creatures vanquished.

Vanquished Creatures (others)
  2 orc wizards
2 creatures vanquished.

Grand Total: 231 creatures vanquished

Notes
Turn   | Place    | Note
-------+----------+-------------------------------------------
     0 | D:1      | hquester the Troll Monk began the quest for the Orb.
     0 | D:1      | Reached XP level 1. HP: 22/22 MP: 0/0
   155 | D:1      | Reached XP level 2. HP: 29/29 MP: 1/1
   557 | D:1      | Reached XP level 3. HP: 36/36 MP: 2/2
   755 | D:2      | Reached skill level 3 in Fighting
   985 | D:2      | Reached skill level 1 in Armour
  1267 | D:2      | Noticed Robin
  1275 | D:2      | Reached XP level 4. HP: 42/45 MP: 3/3
  1293 | D:2      | Killed Robin
  1998 | D:3      | Found a glowing golden altar of the Shining One.
  2034 | D:3      | Found a hide-covered altar of Uskayaw.
  2083 | D:4      | Noticed a centaur
  2088 | D:4      | Killed a centaur
  2089 | D:4      | Reached XP level 5. HP: 53/54 MP: 4/4
  2160 | D:4      | Reached skill level 4 in Fighting
  2160 | D:4      | Reached XP level 6. HP: 24/62 MP: 5/5
  2244 | D:4      | Found a sand-covered staircase.
  2253 | Ossuary  | Entered an ossuary
  2429 | Ossuary  | Reached XP level 7. HP: 71/71 MP: 6/6
  2984 | D:5      | Entered Level 5 of the Dungeon
  2997 | D:5      | Reached skill level 5 in Fighting
  3187 | D:5      | Found a staircase to the Ecumenical Temple.
  3483 | D:5      | Reached skill level 5 in Unarmed Combat
  3494 | D:5      | Reached XP level 8. HP: 68/81 MP: 7/7
  4046 | D:6      | Reached skill level 6 in Fighting
  4445 | D:6      | Found an ancient bone altar of Kikubaaqudgha.
  5001 | D:7      | Reached skill level 5 in Dodging
  5001 | D:7      | Reached XP level 9. HP: 65/92 MP: 8/8
  5182 | D:7      | Reached skill level 7 in Fighting
  5833 | D:8      | Reached skill level 5 in Armour
  5835 | D:8      | Reached skill level 8 in Fighting
  5844 | D:8      | Reached XP level 10. HP: 54/104 MP: 9/9
  6852 | D:9      | Reached skill level 1 in Long Blades
  6976 | D:9      | Found the +8 trident of the Octopus King {venom, rElec
                  | rPois}
  7607 | D:10     | Entered Level 10 of the Dungeon
  7630 | D:10     | Found a staircase to the Lair.
  7830 | Temple   | Entered the Ecumenical Temple
  8050 | Temple   | Became a worshipper of Warmaster Okawaru
  8050 | Temple   | Reached * piety under Okawaru
  8050 | Temple   | Reached ** piety under Okawaru
  8300 | D:10     | Found a transporter.
  8301 | D:10     | Noticed a two-headed ogre
  8302 | D:10     | Noticed croobank's ghost (journeyman GnDe)
  8302 | D:10     | Noticed a two-headed ogre
  8303 | D:10     | Found a transporter.
  8303 | D:10     | Noticed a two-headed ogre
  8303 | D:10     | Identified the +12 giant club "Zeblobaj" {flame, rElec
                  | Will- Str+6 Int-3}
  8303 | D:10     | Noticed a two-headed ogre
  8320 | D:10     | Noticed a five-headed hydra
  8427 | D:10     | Found Zaiti's General Store.
  8459 | D:10     | Noticed Snorg
  8468 | D:10     | Killed Snorg
  8561 | D:10     | Reached skill level 9 in Fighting
  8689 | D:10     | Reached XP level 11. HP: 108/115 MP: 10/10
  8782 | D:9      | Slain by a five-headed hydra

Illustrated notes

Levels and vault maps discovered:
D:1:      mrwooster_arrival_statue, layout_loops_ring
D:2:      layout_loops_ring, uniq_robin
D:3:      layout_loops_ring, mainiacjoe_overflow_two_lobes
D:4:      layout_basic, enter_ossuary_1
D:5:      layout_loops_corners, minmay_temple_entry_hall
D:6:      layout_gridville, mainiacjoe_overflow_alcove_2,
          mrwooster_statue_mirror, hangedman_decor_riveting,
          kennysheep_another_room
D:7:      layout_loops_cross
D:8:      layout_basic, serial_curves, eino_curves_02, eino_curves_02,
          eino_curves_03, eino_curves_01
D:9:      layout_gridville
D:10:     layout_rooms, david_lair_generic, gammafunk_ghost_smash, serial_shops,
          kennysheep_little_box, uniq_snorg
Temple:   mainiacjoe_temple_bowtie_tessellation

Skill      XL: |  1  2  3  4  5  6  7  8  9 10 |
---------------+-------------------------------+-----
Fighting       | 3 4 5 6 8 9 |  9.0
Armour         | 1 2 3 4 5 6 |  6.2
Dodging        | 3 4 5 6 |  6.8
Unarmed Combat | 4 5 6 7 |  7.5
Long Blades    | 3 |  3.9
Stealth        | |  1.1

Action                   |  1- 3 |  4- 6 |  7- 9 | 10-12 || total
-------------------------+-------+-------+-------+-------++-------
Melee: Unarmed           |    89 |   187 |   307 |   210 ||   793
       Punch             |       |     3 |     7 |    14 ||    24
       Scimitar          |       |       |       |    34 ||    34
       Dagger            |       |       |       |    15 ||    15
  Use: Scroll            |       |     4 |    15 |     3 ||    22
       Potion            |       |       |     3 |     3 ||     6
 Stab: Sleeping          |     6 |     4 |     3 |       ||    13
Armor: Robe              |    27 |    54 |    48 |    21 ||   150
       Skin              |       |       |    25 |    21 ||    46
       Troll leather arm |       |       |       |    28 ||    28
Dodge: Dodged            |    49 |   160 |   202 |   320 ||   731

Table legend: (Time is in decaauts)
 A = Elapsed time spent in this place.
 B = Non-inter-level travel time spent in this place.
 C = Inter-level travel time spent in this place.
 D = Time resting spent in this place.
 E = Time spent auto-exploring this place.
 F = Levels seen in this place.
 G = Mean time per level.
                   A        B        C        D        E       F      G
               +--------+--------+--------+--------+--------+-----+--------+
         Total |   8711 |   8145 |    566 |    499 |   5280 |  12 |  725.9 |
       Dungeon |   8256 |   7732 |    524 |    499 |   5069 |  10 |  825.6 |
        Temple |    253 |    212 |     41 |      0 |    189 |   1 |  253.0 |
       Ossuary |    201 |    201 |      0 |      0 |     22 |   1 |  201.0 |
               +--------+--------+--------+--------+--------+-----+--------+

Top non-repeatable levels by time:
     D:9: 1145 daAuts
     D:6: 1082 daAuts
     D:8: 1057 daAuts
     D:5: 860 daAuts
     D:7: 797 daAuts
     D:3: 716 daAuts
     D:1: 694 daAuts
     D:4: 688 daAuts
     D:2: 661 daAuts
    D:10: 553 daAuts
  Temple: 253 daAuts
 Ossuary: 201 daAuts
